 Dungeon Crawl Stone Soup version 0.21-a0-349-g0c35859 (webtiles) character file.

72 Monsterracer the Insei (level 4, -5/34 HPs)
             Began as a Gnoll Transmuter on Oct 7, 2017.
             Was an Initiate of Okawaru.
             Killed from afar by Hasart's ghost (24 damage)
             ... with a flame tongue
             ... on level 3 of the Dungeon.
             The game lasted 00:03:52 (2307 turns).

Monsterracer the Insei (Gnoll Transmuter)           Turns: 2307, Time: 00:03:53

Health: -5/34      AC:  2    Str: 12    XL:     4   Next: 26%
Magic:  3/11       EV: 15    Int: 16    God:    Okawaru [......]
Gold:   69         SH:  0    Dex: 16    Spells: 8/13 levels left

rFire    . . .     SeeInvis .     - Unarmed
rCold    . . .     Gourm    .   (no shield)
rNeg     . . .     Faith    .   m - +0 robe
rPois    .         Spirit   .   (no helmet)
rElec    .         Reflect  .   (no cloak)
rCorr    .         Harm     .   (no gloves)
MR       .....                  (no boots)
Stlth    ++........             (no amulet)
HPRegen  0.11/turn              (no ring)
MPRegen  0.12/turn              (no ring)

@: lethally poisoned (-5 -> -20), very slightly contaminated
A: distributed training, fangs 1, strong nose
a: Renounce Religion


You were on level 3 of the Dungeon.
You worshipped Okawaru.
Okawaru was noncommittal.
You were not hungry.

You visited 1 branch of the dungeon, and saw 3 of its levels.

You collected 69 gold pieces.

Inventory:

Missiles
 a - 44 arrows
Armour
 m - a +0 robe (worn)
Wands
 p - a wand of iceblast (8/15)
Scrolls
 e - 6 scrolls of teleportation {unknown}
 f - a scroll of enchant weapon {unknown}
 j - 4 scrolls of remove curse {unknown}
 k - 3 scrolls of identify {unknown}
 n - a scroll of magic mapping {unknown}
Potions
 h - a potion of haste {unknown}
 i - a potion of flight {unknown}
 l - a potion of invisibility {unknown}
 q - 4 potions of heal wounds {unknown}
Books
 c - a book of Changes

   Spells                             Type                      Level
   a - Beastly Appendage              Transmutation                1
   b - Sticks to Snakes               Transmutation                2
   c - Spider Form                    Transmutation/Poison         3
   d - Ice Form                       Ice/Transmutation            4
   e - Blade Hands                    Transmutation                5
Comestibles
 b - 2 royal jellies
 d - 4 bread rations
 g - 2 meat rations
 o - 4 chunks of flesh


   Skills:
 + Level 2.7 Fighting
 + Level 1.0 Short Blades
 + Level 1.0 Long Blades
 + Level 1.0 Axes
 + Level 1.0 Maces & Flails
 + Level 1.0 Polearms
 + Level 1.0 Staves
 + Level 1.0 Slings
 + Level 1.0 Bows
 + Level 1.0 Crossbows
 + Level 1.0 Throwing
 + Level 1.0 Armour
 + Level 4.6 Dodging
 + Level 1.0 Stealth
 + Level 1.0 Shields
 + Level 6.6 Unarmed Combat
 + Level 5.0 Spellcasting
 + Level 1.0 Conjurations
 + Level 1.0 Hexes
 + Level 1.0 Charms
 + Level 1.0 Summonings
 + Level 1.0 Necromancy
 + Level 1.0 Translocations
 + Level 4.6 Transmutations
 + Level 1.0 Fire Magic
 + Level 1.0 Ice Magic
 + Level 1.0 Air Magic
 + Level 1.0 Earth Magic
 + Level 1.0 Poison Magic
 + Level 1.0 Invocations
 + Level 1.0 Evocations


You had 8 spell levels left.
You knew the following spells:

 Your Spells              Type           Power        Failure   Level  Hunger
a - Ice Form              Ice/Tmut       ##......     43%         4    ####...
s - Beastly Appendage     Tmut           ###...       2%          1    None


Dungeon Overview and Level Annotations

Branches:
Dungeon (3/15)

Altars:
Fedhas
Okawaru

Annotations:
D:3 Hasart's ghost, amateur DEFE


Innate Abilities, Weirdness & Mutations

Your experience applies equally to all skills.
You have very sharp teeth.
Your uncanny sense of smell can sniff out nearby items.


Message History

You hear an angry hiss.
Hasart's ghost shouts, "You must not fail where I succeeded!"
Cast which spell? (? or * to list)
You miscast Ice Form.
You are very lightly contaminated with residual magic.
Wisps of condensation drift from your hands.
Casting: Ice Form
Confirm with . or Enter, or press ? or * to list all spells.
You miscast Ice Form.
You feel uncomfortably cold.
Casting: Ice Form
Confirm with . or Enter, or press ? or * to list all spells.
You don't have enough magic to cast that spell.
You hit Hasart's ghost. Your bite misses Hasart's ghost.
Hasart's ghost is lightly damaged.
Hasart's ghost hits you.
You are poisoned.
Damage: -6%(-2hp) hp: 74%(25hp)
You hit Hasart's ghost. Your bite misses Hasart's ghost.
Hasart's ghost is moderately damaged.
You feel sick. Hasart's ghost hits you.
You are more poisoned.
Damage: -9%(-3hp) hp: 65%(22hp)
You feel sick.
Hasart's ghost screams, "There is no future for me!"
Damage: -6%(-2hp) hp: 59%(20hp)
You feel sick.
Hasart's ghost points at you and mumbles some strange words.
The flame tongue hits you!
Ouch! That really hurt!
You die...

##.#...##<# ##.###.....
#..##.##.# #.# ##.#.##
#..##.##.# #.. ###..
#..##.##.# ### ###
#..##.##.# #.<##.##.#
##..##.##.#### #
#(...........#######.#
#...#.#.#.#.@..).....#
#....###...............
#.#.#.#.###.##W........
#.#.#..# #(##.###..###
#.#....# #.##.# #.#
#.###..# #.##.# ### #.
#..# #.##.# ## #..#
#.##.# 8 #..# #.#


You could see Hasart's ghost.

Vanquished Creatures
  2 adders (D:2)
  2 worms (D:2)
  A leopard gecko (D:1)
  An orc (D:3)
  5 giant cockroaches
  3 goblins
  4 hobgoblins
  9 jackals (D:1)
  4 bats
  3 frilled lizards
  2 kobolds
  8 rats
44 creatures vanquished.

Notes
Turn   | Place    | Note
-------+----------+-------------------------------------------
     0 | D:1      | Monsterracer the Gnoll Transmuter began the quest for the Orb.
     0 | D:1      | Reached XP level 1. HP: 17/17 MP: 6/6
    52 | D:1      | Reached XP level 2. HP: 12/23 MP: 7/7
   633 | D:1      | Reached XP level 3. HP: 28/28 MP: 9/9
   759 | D:1      | Reached skill level 5 in Spellcasting
  1270 | D:2      | Found an iron altar of Okawaru.
  1278 | D:2      | Reached skill level 1 in Short Blades
  1278 | D:2      | Reached skill level 1 in Long Blades
  1278 | D:2      | Reached skill level 1 in Axes
  1278 | D:2      | Reached skill level 1 in Maces & Flails
  1278 | D:2      | Reached skill level 1 in Polearms
  1278 | D:2      | Reached skill level 1 in Staves
  1278 | D:2      | Reached skill level 1 in Slings
  1278 | D:2      | Reached skill level 1 in Bows
  1278 | D:2      | Reached skill level 1 in Crossbows
  1278 | D:2      | Reached skill level 1 in Throwing
  1278 | D:2      | Reached skill level 1 in Armour
  1278 | D:2      | Reached skill level 1 in Stealth
  1278 | D:2      | Reached skill level 1 in Shields
  1278 | D:2      | Reached skill level 1 in Conjurations
  1278 | D:2      | Reached skill level 1 in Hexes
  1278 | D:2      | Reached skill level 1 in Charms
  1278 | D:2      | Reached skill level 1 in Summonings
  1278 | D:2      | Reached skill level 1 in Necromancy
  1278 | D:2      | Reached skill level 1 in Translocations
  1278 | D:2      | Reached skill level 1 in Fire Magic
  1278 | D:2      | Reached skill level 1 in Ice Magic
  1278 | D:2      | Reached skill level 1 in Air Magic
  1278 | D:2      | Reached skill level 1 in Earth Magic
  1278 | D:2      | Reached skill level 1 in Poison Magic
  1278 | D:2      | Reached skill level 1 in Invocations
  1278 | D:2      | Reached skill level 1 in Evocations
  1281 | D:2      | Reached XP level 4. HP: 32/34 MP: 11/11
  1285 | D:2      | Became a worshipper of Warmaster Okawaru
  1520 | D:2      | Learned a level 4 spell: Ice Form
  1727 | D:2      | Found a blossoming altar of Fedhas.
  1828 | D:3      | Noticed Hasart's ghost (amateur DEFE)
  1838 | D:3      | HP: 11/40 [Hasart's ghost/flame tongue (13)]
  1843 | D:2      | HP: 6/40 [poisoned by Hasart's ghost]
  1851 | D:3      | HP: 4/40 [poisoned by Hasart's ghost]
  1858 | D:3      | HP: 3/40 [poisoned by Hasart's ghost]
  2307 | D:3      | Killed from afar by Hasart's ghost

Vault maps used:
D:1:      dpeg_arrival_rooms_c
D:2:      fedhas_altar_4, okawaru_ov_weapons_minmay, first_bread
D:3:      lemuel_round_altar, nicolae_overflow_hidden_temple, serial_forest,
          infiniplex_forest_clump_diagonal, infiniplex_forest_lined_ring,
          infiniplex_forest_clump_tiny, infiniplex_forest_join,
          infiniplex_forest_lined_room_2, infiniplex_forest_clump_long,
          infiniplex_forest_clump_curved, infiniplex_forest_clump_medium,
          uniq_natasha

Skill      XL: |  1  2  3 |
---------------+----------+-----
Spellcasting   | 5 |  5.0
Short Blades   | 1 |  1.0
Long Blades    | 1 |  1.0
Axes           | 1 |  1.0
Maces & Flails | 1 |  1.0
Polearms       | 1 |  1.0
Staves         | 1 |  1.0
Slings         | 1 |  1.0
Bows           | 1 |  1.0
Crossbows      | 1 |  1.0
Throwing       | 1 |  1.0
Armour         | 1 |  1.0
Stealth        | 1 |  1.0
Shields        | 1 |  1.0
Conjurations   | 1 |  1.0
Hexes          | 1 |  1.0
Charms         | 1 |  1.0
Summonings     | 1 |  1.0
Necromancy     | 1 |  1.0
Translocations | 1 |  1.0
Fire Magic     | 1 |  1.0
Ice Magic      | 1 |  1.0
Air Magic      | 1 |  1.0
Earth Magic    | 1 |  1.0
Poison Magic   | 1 |  1.0
Invocations    | 1 |  1.0
Evocations     | 1 |  1.0
Fighting       | |  2.7
Dodging        | |  4.6
Unarmed Combat | |  6.6
Transmutations | |  4.6

Action                   |  1- 3 |  4- 6 || total
-------------------------+-------+-------++-------
Melee: Unarmed           |    97 |    47 ||   144
       Kick              |     5 |       ||     5
       Bite              |    10 |     5 ||    15
       Punch             |     2 |       ||     2
 Fire: Hunting sling     |     5 |       ||     5
 Cast: Beastly Appendage |     1 |       ||     1
       Ice Form          |       |     1 ||     1
 Stab: Sleeping          |     5 |     1 ||     6
  Eat: Chunk             |     1 |     3 ||     4
       Fruit             |       |     1 ||     1
Armor: Robe              |    15 |     4 ||    19
Dodge: Dodged            |    57 |    23 ||    80

Table legend:
 A = Spawn XP
 B = Non-spawn XP
 C = Spawn XP percentage of total XP
 D = Spawn monster count
 E = Non-spawn monster count
 F = Spawn count percentage of total count
 G = Total turns spent on level
                    A         B        C        D         E        F      G
               +---------+---------+-------+---------+---------+-------+---------
         Total |       0 |     104 |   0.0 |       0 |      44 |   0.0 |  2307
               +---------+---------+-------+---------+---------+-------+---------
           D:1 |       0 |      38 |   0.0 |       0 |      21 |   0.0 |   909
           D:2 |       0 |      59 |   0.0 |       0 |      18 |   0.0 |   913
           D:3 |       0 |       7 |   0.0 |       0 |       5 |   0.0 |   485
               +---------+---------+-------+---------+---------+-------+---------

Vault maps used:
D:1:      dpeg_arrival_rooms_c
D:2:      fedhas_altar_4, okawaru_ov_weapons_minmay, first_bread
D:3:      lemuel_round_altar, nicolae_overflow_hidden_temple, serial_forest,
          infiniplex_forest_clump_diagonal, infiniplex_forest_lined_ring,
          infiniplex_forest_clump_tiny, infiniplex_forest_join,
          infiniplex_forest_lined_room_2, infiniplex_forest_clump_long,
          infiniplex_forest_clump_curved, infiniplex_forest_clump_medium,
          uniq_natasha
